 Dungeon Crawl Stone Soup version 0.18.1-50-g88ac8fd (webtiles) character file.

63 Chiseanne the Chopper (level 3, -5/31 HPs)
             Began as a Minotaur Gladiator on Apr 26, 2017.
             Slain by a gnoll
             ... wielding a cursed +0 spear
              (8 damage)
             ... on level 2 of the Dungeon.
             The game lasted 00:02:31 (1461 turns).

Chiseanne the Chopper (Minotaur Gladiator)          Turns: 1461, Time: 00:02:32

Health: -5/31      AC:  3    Str: 19    XL:     3   Next: 87%
Magic:  0/2        EV: 12    Int:  6    God:
Gold:   67         SH:  0    Dex: 10    Spells: 0 memorised, 2 levels left

rFire  . . .     SeeInvis .     a - +0 war axe
rCold  . . .     Gourm    .     b - +0 leather armour
rNeg   . . .     Faith    .     (no shield)
rPois  .         Spirit   +     c - +0 hat
rElec  .         Dismiss  .     (no cloak)
rCorr  .         Reflect  .     (no gloves)
SustAt .         Harm     .     (no boots)
MR     .....                    e - amulet of guardian spirit
Stlth  +.........               (no ring)
                                (no ring)

@: not resistant to hostile enchantments, very unstealthy
A: retaliatory headbutt, horns 2
a: no special abilities


You were on level 2 of the Dungeon.
You were not hungry.

You visited 1 branch of the dungeon, and saw 2 of its levels.

You collected 67 gold pieces.

Inventory:

Hand Weapons
 a - a +0 war axe (weapon)
Missiles
 d - 3 throwing nets (quivered)
 i - 34 stones
 j - 21 bolts
 r - 21 arrows
Armour
 b - a +0 leather armour (worn)
 c - a +0 hat (worn)
Jewellery
 e - an amulet of guardian spirit (around neck)
 s - an uncursed amulet of dismissal {unknown}
Scrolls
 m - a scroll of amnesia
 t - a scroll of enchant armour {unknown}
Potions
 k - a potion of invisibility {unknown}
 n - a potion of heal wounds {unknown}
 o - a potion of haste {unknown}
 p - a potion of berserk rage {unknown}
 u - a potion of cancellation {unknown}
Miscellaneous
 h - a plain deck of summoning
Comestibles
 f - a bread ration
 g - 3 meat rations
 l - 2 beef jerkies
 q - 5 chunks of flesh


   Skills:
 * Level 3.2 Fighting
 * Level 4.4 Axes
 - Level 2.0 Throwing
 - Level 1.0 Armour
 * Level 3.5 Dodging
 * Level 1.2 Evocations


You had 2 spell levels left.
You didn't know any spells.

Dungeon Overview and Level Annotations

Branches:
Dungeon (2/15)

Altars:
Nemelex Xobeh
Zin


Innate Abilities, Weirdness & Mutations

You reflexively headbutt those who attack you in melee.
You have a pair of horns on your head.


Message History

The gnoll hits you from afar with a spear!
You closely miss the gnoll. Your headbutt misses the gnoll.
The gnoll misses you. You furiously retaliate!
You headbutt the gnoll. The gnoll barely misses you.
You slash the gnoll!
You kill the gnoll!
The gnoll hits you from afar with a spear.
The gnoll hits you with a spear.
You see here a flail.
You slash the gnoll!
The gnoll is almost dead.
The gnoll hits you with a spear. The gnoll hits you with a spear!
* * * LOW HITPOINT WARNING * * *
You hit the gnoll but do no damage. You headbutt the gnoll.
The gnoll is almost dead.
The gnoll barely misses you.
You closely miss the gnoll. Your headbutt misses the gnoll.
The gnoll is almost dead.
The gnoll hits you with a spear!
You die...

###
######....#
########
#..@ggg...#
#......#
#.######.##
#......#
#.# ยง
#......#
#.#
#......#
#.#
#......#
#.#
#......#
####.#
.......#
#....#
.#.#####
##.##.#


You could see 3 gnolls.

Vanquished Creatures
  An adder (D:2)
  A gnoll (D:2)
  An ooze (D:1)
  2 worms (D:2)
  2 giant geckos (D:1)
  2 giant cockroaches (D:1)
  2 goblins (D:1)
  3 hobgoblins
  2 jackals (D:1)
  A quokka (D:2)
  6 bats
  A giant newt (D:1)
  7 kobolds
  5 rats
36 creatures vanquished.

Notes
Turn   | Place    | Note
--------------------------------------------------------------
     0 | D:1      | Chiseanne the Minotaur Gladiator began the quest for the Orb.
     0 | D:1      | Reached XP level 1. HP: 18/18 MP: 0/0
   147 | D:1      | Reached skill level 1 in Armour
   266 | D:1      | Found a sparkling altar of Nemelex Xobeh.
   395 | D:1      | Reached XP level 2. HP: 25/25 MP: 1/1
   473 | D:1      | Reached skill level 4 in Axes
   905 | D:1      | Reached XP level 3. HP: 30/30 MP: 2/2
  1006 | D:2      | Reached skill level 1 in Evocations
  1277 | D:2      | Found a glowing silver altar of Zin.
  1461 | D:2      | Slain by a gnoll

Skill      XL: |  1  2  3 |
---------------+----------+-----
Armour         | 1 |  1.0
Axes           | 4 |  4.4
Evocations     | 1 |  1.2
Fighting       | 3 |  3.2
Throwing       | |  2.0
Dodging        | |  3.5

Action                   || total
-------------------------++-------
Melee: War axe           ||    65
       Headbutt          ||    15
  Use: Scroll            ||     5
  Eat: Chunk             ||     2
Armor: Leather armour    ||    15
Dodge: Dodged            ||    49
